Unix NetHack Version 3.7.0-102 Work-in-progress - last build Apr 6 2024 13:22:21 (d302a6a9ff6341f1a922d8f5af178406b35fdf99,branch:master). Game began 2024-05-03 12:34:16, ended 2024-05-03 12:43:50. elenmirie, neutral female gnomish Archeologist . -.- -- |... .---- |... .... - ----....-- ..- ---.........--.---- --..........<.G....| |..............a.d.-- --........---....fq%| -...............--@| -......... ---.....|--- ----.. --.---- --- --- Elenmirie the Field Worker St:10 Dx:10 Co:18 In:14 Wi:15 Ch:9 Neutral Dlvl:8 $:54 HP:0(38) Pw:17(17) AC:4 Xp:4/120 T:1538 Latest messages: You feel that Camaxtli is well-pleased. You feel much better. You miss the rothe. It bites the rothe. The rothe misses it. The rothe bites it. The rothe misses it. You lash the ghoul. The housecat bites the rothe. The rothe hits the housecat. The rothe misses the housecat. The rothe misses the housecat. The rothe hits! The rothe bites! The rothe misses! You lash the ghoul. The housecat misses it. The ghoul hits! You avoid harm. The ghoul hits again! You destroy the ghoul! The housecat misses the coyote. You miss the rothe. The housecat misses the coyote. The rothe hits! The rothe bites! The rothe bites again! The rothe hits! The rothe just misses! The rothe just misses! The housecat misses it. You miss the rothe. The housecat misses it. The rothe hits! The rothe bites! The rothe bites again! The rothe hits! The rothe bites! The rothe bites again! You kill the rothe! The housecat bites the coyote. The coyote is killed! The rothe hits! The rothe bites! You die... Do you want your possessions identified? [ynq] (y) y Do you want to see your attributes? [ynq] (y) y Do you want an account of creatures vanquished? [ynaq] (y) y Do you want to see your conduct and achievements? [ynq] (y) y Do you want to see the dungeon overview? [ynq] (y) y Inventory: Coins $ - 54 gold pieces Weapons x - 5 uncursed +0 darts r - a blessed +1 orcish dagger o - 2 uncursed +0 orcish daggers a - an uncursed +2 bullwhip (weapon in right hand) Armor c - an uncursed +0 fedora p - an uncursed +0 orcish helm q - an uncursed +0 orcish helm u - an uncursed +0 orcish helm (being worn) i - an uncursed +0 pair of leather gloves (being worn) z - an uncursed +0 cloak of displacement (being worn) b - an uncursed +0 leather jacket C - an uncursed +0 studded leather armor (being worn) Comestibles d - 3 uncursed food rations A - a cursed food ration D - an uncursed tripe ration Rings J - an uncursed ring of shock resistance Tools w - an uncursed sack containing 8 items G - an uncursed bag of tricks (0:4) I - an uncursed blindfold e - an uncursed +0 pick-axe (alternate weapon; not wielded) Gems/Stones H - an uncursed obsidian stone g - an uncursed touchstone Contents of the sack: an uncursed scroll of enchant armor an uncursed scroll of identify a cursed scroll of identify an uncursed potion of gain ability a blessed potion of gain energy an uncursed potion of monster detection an uncursed potion of object detection an uncursed potion of see invisible Elenmirie the Archeologist's attributes: Background: You were a Field Worker, a level 4 female gnomish Archeologist. You were neutral, on a mission for Camaxtli who was opposed by Quetzalcoatl (lawful) and Huhetotl (chaotic). You were right-handed. You were in the Gnomish Mines, on level 8. You entered the dungeon 1538 turns ago. You had 120 experience points, 40 more were needed to attain level 5. Basics: You had 0 out of 38 hit points. You had all 17 energy points (spell power). Your armor class was 4. Your wallet contained 54 zorkmids. Autopickup was on for '$' plus thrown. Final Characteristics: Your strength was 10 (limit:18/50). Your dexterity was 10 (limit:18). Your constitution was 18 (limit:18). Your intelligence was 14 (limit:19). Your wisdom was 15 (limit:18). Your charisma was 9 (limit:18). Final Status: You weren't hungry. You were unencumbered. You were wielding a whip. You had basic skill with whip. Final Attributes: You were devoutly aligned. You were poison resistant. You had automatic searching. You had infravision. You were displaced. You were warded. You are dead. Miscellaneous: You encountered 1 bones level. Total elapsed playing time was 9 minutes and 32 seconds. Major events: Turn 1: elenmirie the neutral female gnomish Archeologist entered the dungeon 662: attained the rank of Field Worker (level 3) 1120: entered the Gnomish Mines 1303: reached Mine Town 1538: killed by a rothe Vanquished creatures: a kobold mummy a gray ooze a ghoul a homunculus 3 rothes a giant bat a coyote a gas spore a giant rat 3 cave spiders 2 yellow molds 3 gnomes 2 gnome zombies 6 jackals a fox a kobold 4 goblins 3 sewer rats 3 grid bugs 2 lichens 6 newts 47 creatures vanquished. No species were genocided or became extinct. Voluntary challenges: You were illiterate. You never engraved Elbereth. You never genocided any monsters. You never polymorphed an object. You never changed form. You used no wishes. Achievements: You attained the rank of Field Worker. You entered the Gnomish Mines. You entered Minetown. The Dungeons of Doom: levels 1 to 4 Level 1: A sink. Level 2: Level 3: A fountain. Stairs down to The Gnomish Mines. Level 4: The Gnomish Mines: levels 4 to 8 Level 4: Level 5: Level 6: A fountain. Final resting place for rourke-Wiz-Hum-Fem-Neu, killed by a water moccasin. Level 7: Level 8: <- You were here. Final resting place for you, killed by a rothe. Game over: ---------- / \ / REST \ / IN \ / PEACE \ / \ | elenmirie | | 54 Au | | killed by a | | rothe | | | | | | 2024 | *| * * * | * _________)/\\_//(\/(/\)/\//\/|_)_______ Goodbye elenmirie the Archeologist... You died in The Gnomish Mines on dungeon level 8 with 879 points, and 54 pieces of gold, after 1538 moves. You were level 4 with a maximum of 38 hit points when you died.